 Dungeon Crawl Stone Soup version 0.29-a0-838-g385bb11a5b (webtiles) character file.

Game seed: 2508747284160326327

839 gruber the Destroyer (level 7, -6/36 HPs)
             Began as a Deep Elf Conjurer on July 13, 2022.
             Mangled by a gnoll sergeant
             ... wielding a +3 vorpal spear
              (9 damage)
             ... on level 6 of the Dungeon.
             The game lasted 00:04:04 (5556 turns).

gruber the Destroyer (Deep Elf Conjurer)            Turns: 5556, Time: 00:04:05

Health: -6/36      AC:  6    Str:  4    XL:     7   Next: 67%
Magic:  4/18       EV: 12    Int: 25    God:
Gold:   330        SH:  5    Dex: 13    Spells: 15/18 levels left

rFire   . . .      SeeInvis .   (no weapon)
rCold   . . .      Faith    .   (no shield)
rNeg    . . .      Spirit   .   a - +0 robe
rPois   .          Reflect  +   (no helmet)
rElec   .          Harm     .   (no cloak)
rCorr   .          Rampage  .   (no gloves)
Will    .....                   (no boots)
Stlth   ++........              l - amulet of reflection
HPRegen 0.12/turn               c - +4 ring of protection
MPRegen 0.16/turn               B - +4 ring of slaying

@: no status effects
A: no striking features
a: no special abilities


You were on level 6 of the Dungeon.
You visited 1 branch of the dungeon, and saw 6 of its levels.
You also visited: Sewer.

You collected 330 gold pieces.

Inventory:

Missiles
 D - a throwing net
Armour
 a - a +0 robe (worn)
Jewellery
 c - a +4 ring of protection (left hand)
 l - an amulet of reflection (around neck)
 n - an amulet of the acrobat
 A - a ring of willpower
 B - a +4 ring of slaying (right hand)
Wands
 q - a wand of quicksilver (5)
Scrolls
 e - 8 scrolls of identify {unknown}
 h - 2 scrolls of vulnerability {unknown}
 i - a scroll of magic mapping {unknown}
 j - a scroll of brand weapon {unknown}
 k - 4 scrolls of teleportation {unknown}
 o - 2 scrolls of blinking {unknown}
 p - 2 scrolls of fog {unknown}
 t - a scroll of fear {unknown}
 w - a scroll of immolation {unknown}
 y - a scroll of torment {unknown}
 z - a scroll of poison {unknown}
 C - a scroll of enchant weapon {unknown}
Potions
 b - 2 potions of magic
 d - 3 potions of curing {unknown}
 f - 2 potions of ambrosia {unknown}
 g - 2 potions of mutation {unknown}
 m - a potion of degeneration {unknown}
 r - a potion of attraction {unknown}
 s - a potion of berserk rage {unknown}
 u - a potion of haste {unknown}
 v - a potion of lignification {unknown}
 x - a potion of flight {unknown}


   Skills:
 - Level 2.4 Dodging
 - Level 2.4 Stealth
 - Level 0.6 Shields
 - Level 6.1 Spellcasting
 + Level 9.4 Conjurations


You had 15 spell levels left.
You knew the following spells:

 Your Spells              Type           Power      Damage    Failure   Level
a - Magic Dart            Conj           100%       1d8       1%          1
b - Searing Ray           Conj           100%       2d8       1%          2

Your spell library contained the following spells:

 Spells                   Type           Power      Damage    Failure   Level
 Dazzling Flash           Conj/Hex       62%        N/A       3%          3
 Summon Small Mammal      Summ           28%        N/A       8%          1
 Fulminant Prism          Conj/Hex       15%        3d11      11%         4
 Iskenderun's Mystic Bla  Conj/Tloc      31%        2d8       11%         4
 Call Canine Familiar     Summ           7%         N/A       22%         3
 Summon Guardian Golem    Hex/Summ       7%         N/A       22%         3


Dungeon Overview and Level Annotations

Branches:
Dungeon (6/15)              Sewer (visited)
 Temple: D:4-7

Altars:
Fedhas
Sif Muna
Trog


Message History

Press: ? - help, Shift-Dir - straight line, f - gnoll
Aim: a gnoll, wielding a +0 spear (85% to hit)
The searing ray hits the gnoll sergeant.
The gnoll sergeant is moderately wounded.
The searing ray hits the gnoll!
The gnoll is heavily wounded. (Press . to maintain the ray.)
You block the gnoll sergeant's attack.
Unknown command.
The searing ray hits the gnoll sergeant.
The gnoll sergeant is heavily wounded.
The searing ray hits the gnoll!
You kill the gnoll!
A bullfrog comes into view.
The gnoll sergeant hits you from afar with a +3 vorpal spear!
The searing ray hits the gnoll sergeant but does no damage.
The gnoll sergeant is heavily wounded.
The bullfrog gives a loud, deep croak!
The gnoll sergeant hits you from afar with a +3 vorpal spear!
The searing ray hits the gnoll sergeant.
The gnoll sergeant is severely wounded.
The searing ray hits the bullfrog!
The bullfrog is severely wounded.
You finish channelling your searing ray.
The gnoll sergeant hits you from afar with a +3 vorpal spear!
* * * LOW HITPOINT WARNING * * *
x2 Unknown command.
Unknown command.
Casting: Searing Ray (safe; 1% risk of failure)
Confirm with . or Enter, or press ? or * to list all spells.
Aiming: Searing Ray (safe; 1% risk of failure)
Press: ? - help, Shift-Dir - straight line, f - gnoll sergeant
Aim: a gnoll sergeant, wielding a +3 vorpal spear, wearing a +0 ring mail and wearing a +0 kite shield (severely wounded, 90% to hit)
The searing ray hits the gnoll sergeant.
The gnoll sergeant is severely wounded.
The searing ray hits the bullfrog!
You kill the bullfrog! (Press . to maintain the ray.)
The gnoll sergeant hits you from afar with a +3 vorpal spear!
You die...

# .# #.# .. #. .. #.#
#. #.### ######.# #.
#.... ..(#.#
#.####...#####.#.# #
#................##
#.#. #........##..#
#$..#######..#####..###
#..))g.@###.## ##.....#
.......###...#.##
#..#.#.# #.###.#
###....###......## #.
#.........#.#... g
#.#.#........... ..
#............<.. ..
...#.#.######.### #..
........# #.#
.......### #.#


You could see a gnoll sergeant.

Vanquished Creatures
  Pargi (Sewer)
  2 black bears (D:5)
  A bullfrog (D:6)
  A scorpion (D:5)
  A jelly (D:5)
  3 hounds (D:5)
  2 orc priests
  3 iguanas
  3 orc wizards (D:4)
  2 gnolls (D:6)
  5 adders
  3 dart slugs
  3 worms
  10 orcs
  5 ball pythons
  3 bats
  10 endoplasms
  5 giant cockroaches
  13 hobgoblins
  5 jackals
  3 quokkas
  3 frilled lizards
  7 goblins
  5 kobolds
  A rat (D:1)
100 creatures vanquished.

Notes
Turn   | Place    | Note
-------+----------+-------------------------------------------
     0 | D:1      | gruber the Deep Elf Conjurer began the quest for the Orb.
     0 | D:1      | Reached XP level 1. HP: 10/10 MP: 6/6
   331 | D:1      | Reached XP level 2. HP: 15/15 MP: 2/8
   486 | D:1      | Reached skill level 5 in Conjurations
   599 | D:1      | Found a faded altar of an unknown god.
   892 | D:1      | Reached XP level 3. HP: 19/19 MP: 5/9
   895 | D:1      | Learned a level 2 spell: Searing Ray
  2198 | D:3      | Reached XP level 4. HP: 24/24 MP: 9/11
  2236 | D:3      | Found a glowing drain.
  2267 | Sewer    | Entered a sewer
  2333 | Sewer    | Noticed Pargi
  2353 | Sewer    | Killed Pargi
  2354 | Sewer    | Reached skill level 6 in Conjurations
  2354 | Sewer    | Reached XP level 5. HP: 13/28 MP: 0/14
  2684 | D:3      | Found a blossoming altar of Fedhas.
  3242 | D:4      | Reached skill level 5 in Spellcasting
  3459 | D:4      | Reached XP level 6. HP: 31/32 MP: 2/16
  4011 | D:4      | Found a shimmering blue altar of Sif Muna.
  4015 | D:4      | Reached skill level 7 in Conjurations
  4235 | D:5      | Entered Level 5 of the Dungeon
  4682 | D:5      | Reached skill level 8 in Conjurations
  4682 | D:5      | Reached XP level 7. HP: 36/36 MP: 12/18
  4874 | D:5      | Reached skill level 9 in Conjurations
  5003 | D:5      | Identified the +4 sling of Jocular Gallantry {flame, Int+6}
  5049 | D:5      | Found a bloodstained altar of Trog.
  5556 | D:6      | Mangled by a gnoll sergeant

Illustrated notes

Levels and vault maps discovered:
D:1:      lightli_arrival_windingriver, layout_basic,
          ebering_ecumenical_altar_ruins
D:2:      layout_loops_ring, hangedman_feature_mirror, minmay_misc_feat_rows,
          serial_bayou_crossing
D:3:      layout_rooms, fedhas_altar_3, cheibrodos_sewer_entry_drain
D:4:      layout_loops_cross, lemuel_round_altar
D:5:      layout_cave_pods, trog_ov_bears_minmay, serial_rivers,
          chequers_serial_rivers_room_a, chequers_serial_rivers_large_a,
          chequers_serial_rivers_micro_e, chequers_serial_rivers_large_b,
          grunt_ministairs_12
D:6:      layout_rooms, nicolae_overflow_hidden_temple, serial_co_window_serial,
          co_window_paths_a, co_window_of_opportunity_a,
          co_window_of_opportunity_a, co_window_paths_a, co_window_paths_a,
          co_window_corner_a, co_window_corner_a, co_window_paths_a,
          co_window_cross_1, co_window_unsneaky_path_e, co_window_2corner,
          co_window_broadway_a, co_window_broadway_b, co_window_4corner_b,
          glass_columns_a, glass_columns_a, glass_columns_b, uniq_duvessa

Skill      XL: |  1  2  3  4  5  6  7 |
---------------+----------------------+-----
Conjurations   | 5 6 8 9 |  9.4
Spellcasting   | 4 5 6 |  6.1
Dodging        | |  2.4
Stealth        | |  2.4
Shields        | |  0.6

Action                   |  1- 3 |  4- 6 |  7- 9 || total
-------------------------+-------+-------+-------++-------
 Cast: Magic Dart        |    93 |    78 |    15 ||   186
       Searing Ray       |       |    15 |     7 ||    22
Armor: Robe              |     7 |     2 |     1 ||    10
Dodge: Dodged            |     7 |    13 |     1 ||    21
Block: Other             |     3 |     4 |     2 ||     9

Table legend: (Time is in decaauts)
 A = Elapsed time spent in this place.
 B = Non-inter-level travel time spent in this place.
 C = Inter-level travel time spent in this place.
 D = Time resting spent in this place.
 E = Time spent auto-exploring this place.
 F = Levels seen in this place.
 G = Mean time per level.
                   A        B        C        D        E       F      G
               +--------+--------+--------+--------+--------+-----+--------+
         Total |   5609 |   5476 |    133 |      0 |   4941 |   7 |  801.3 |
       Dungeon |   5291 |   5158 |    133 |      0 |   4681 |   6 |  881.8 |
         Sewer |    317 |    317 |      0 |      0 |    260 |   1 |  317.0 |
               +--------+--------+--------+--------+--------+-----+--------+

Top non-repeatable levels by time:
     D:5: 1302 daAuts
     D:1: 1266 daAuts
     D:4: 1064 daAuts
     D:2: 896 daAuts
     D:3: 716 daAuts
   Sewer: 317 daAuts
     D:6: 46 daAuts
